 Dungeon Crawl Stone Soup version 0.20-a0-1058-g0491fde (webtiles) character file.

93 Gorglomux the Chopper (level 4, -1/39 HPs)
             Began as a Hill Orc Monk on Apr 26, 2017.
             Slain by an adder (5 damage)
             ... on level 2 of the Dungeon.
             The game lasted 00:01:49 (1908 turns).

Gorglomux the Chopper (Hill Orc Monk)               Turns: 1908, Time: 00:01:50

Health: -1/39      AC:  2    Str: 13    XL:     4   Next: 62%
Magic:  4/4        EV: 13    Int: 10    God:
Gold:   105        SH:  0    Dex: 14    Spells: 3/3 levels left

rFire    . . .     SeeInvis .   a - +0 hand axe
rCold    . . .     Gourm    .   (no shield)
rNeg     . . .     Faith    .   b - +0 robe
rPois    .         Spirit   .   (no helmet)
rElec    .         Reflect  .   (no cloak)
rCorr    .         Harm     .   (no gloves)
MR       .....     Rnd*Tele +   (no boots)
Stlth    ++........             (no amulet)
Regen    0.2/turn               e - ring of teleportation (curse) {+/*tele, !d}
MPRegen  0.1/turn               (no ring)

@: lethally poisoned (-1 -> -5)
A: no striking features
a: no special abilities


You were on level 2 of the Dungeon.
You were not hungry.

You visited 1 branch of the dungeon, and saw 2 of its levels.

You collected 105 gold pieces.

Inventory:

Hand Weapons
 a - a +0 hand axe (weapon)
Armour
 b - a +0 robe (worn)
 j - a cursed +0 leather armour
   (You found it on level 2 of the Dungeon)
Jewellery
 e - a cursed ring of teleportation (left hand) {+/*tele, !d}
   (You found it on level 2 of the Dungeon)
Scrolls
 d - a scroll of recharging {unknown}
 f - 4 scrolls of remove curse {unknown}
 h - 4 scrolls of blinking {unknown}
 i - 3 scrolls of teleportation {unknown}
 m - a scroll of identify {unknown}
Comestibles
 c - a bread ration {@e1@e1}
 g - 2 meat rations {@e2@e2}
 k - 3 fruits


   Skills:
 - Level 3.6 Fighting
 + Level 6.9 Axes
 - Level 2.4 Dodging
 - Level 1.5 Stealth


You had 3 spell levels left.
You didn't know any spells.

Dungeon Overview and Level Annotations

Branches:
Dungeon (2/15)

Altars:


Message History

The kobold throws a stone.
The stone hits you but does no damage.
The kobold throws a stone.
The stone hits you but does no damage. The goblin hits you with a dagger.
You hit the goblin.
The kobold throws a stone.
The stone barely misses you. The goblin hits you but does no damage.
You hit the goblin.
You kill the goblin!
Found a quarterstaff.
Found a stone staircase leading down.
The kobold hits you with a club.
There are monsters nearby!
You hit the worm. You hit the kobold but do no damage.
The kobold barely misses you. The worm misses you.
You hit the worm. You hit the kobold. The kobold hits you but does no damage.
You hit the kobold.
You kill the kobold!
You hit the worm. The worm bites you!
You are too injured to fight recklessly!
You are too injured to fight recklessly!
You are too injured to fight recklessly!
You are too injured to fight recklessly!
A worm is nearby!
You are too injured to fight recklessly!
You are too injured to fight recklessly!
You are too injured to fight recklessly!
You are too injured to fight recklessly!
You are too injured to fight recklessly!
You are too injured to fight recklessly!
You are too injured to fight recklessly!
You are too injured to fight recklessly!
You take 15 damage, and have 23/39 hp.
MASSIVE DAMAGE!!
You are too injured to fight recklessly!
You are too injured to fight recklessly!
You slash the worm! You barely miss the worm. The worm barely misses you.
You hit the worm. You hit the worm. The worm barely misses you.
You slash the worm!
You kill the worm!
g - 2 meat rations {@e2@e2} (gained 1)
Things that are here:
a dagger; a goblin corpse You butcher the goblin corpse.
n - a chunk of flesh {@w0@w0}
Things that are here:
a dagger; a goblin skeleton
Things that are here:
a club; a kobold corpse You butcher the kobold corpse.
Things that are here:
a club; 3 inedible chunks of flesh {@w0@w0} You start resting.
Eating a chunk of flesh {@w0@w0}.
You eat the chunk of flesh {@w0@w0}.
Health restored: 39 You open the door.
There is an open door here.
You open the door.
A worm comes into view.
There is an open door here.
An adder comes into view.
The worm misses you.
The adder hisses angrily.
You hit the worm. The worm bites you!
You hit the worm but do no damage. You hit the worm. The worm bites you!
You take 19 damage, and have 20/39 hp.
MASSIVE DAMAGE!!
The adder bites you.
You take 4 damage, and have 16/39 hp.
The adder bites you but does no damage.
There is an open door here.
You miss the adder. The adder bites you.
You take 1 damage, and have 15/39 hp.
You closely miss the adder. The adder bites you.
You are poisoned.
The adder poisons you! The adder bites you.
* * * LOW HITPOINT WARNING * * *
You are more poisoned.
The adder poisons you!
You take 4 damage, and have 11/39 hp.
You miss the adder.
You feel sick. The adder bites you but does no damage.
You take 1 damage, and have 10/39 hp.
Unknown command.
You hit the adder.
You feel sick. The adder bites you.
* * * LOW HITPOINT WARNING * * *
You take 3 damage, and have 7/39 hp.
Unknown command.
You hit the adder. The adder bites you.
* * * LOW HITPOINT WARNING * * *
You take 1 damage, and have 6/39 hp.
It was a potion of cancellation.
You feel magically purged.
* * * LOW HITPOINT WARNING * * *
You feel sick. The adder misses you. The adder closely misses you.
You take 1 damage, and have 5/39 hp.
You hit the adder.
* * * LOW HITPOINT WARNING * * *
You feel sick. The adder bites you but does no damage.
You take 1 damage, and have 4/39 hp.
You hit the adder. The adder bites you.
You die...

#.........# #.#
#.......### #.#
#.......# #.#
###'##### #.# #
#.# ###########.#
###.#
#........##.#
.##.#
#........##.#
.##.#
#........##.#
.##.#
+.......wS@.#
.##.#
#........####
..#.# #........#
...)#............
....##############
....# ....# ...>#
...##


You could see a worm and an adder.

Vanquished Creatures
  Jessica (D:2)
  3 adders (D:2)
  A worm (D:2)
  A dart slug (D:1)
  A leopard gecko (D:2)
  3 giant cockroaches
  2 hobgoblins (D:2)
  3 jackals (D:1)
  5 kobolds
  4 bats (D:1)
  3 frilled lizards (D:2)
  4 goblins
  8 rats
39 creatures vanquished.

Notes
Turn   | Place    | Note
-------+----------+-------------------------------------------
     0 | D:1      | Gorglomux the Hill Orc Monk began the quest for the Orb.
     0 | D:1      | Reached XP level 1. HP: 19/19 MP: 1/1
   706 | D:1      | Reached XP level 2. HP: 26/26 MP: 2/2
   901 | D:1      | Reached skill level 5 in Axes
  1027 | D:2      | Noticed Jessica
  1035 | D:2      | Killed Jessica
  1035 | D:2      | Reached skill level 6 in Axes
  1035 | D:2      | Reached XP level 3. HP: 21/31 MP: 3/3
  1105 | D:2      | HP: 7/31 [adder (1)]
  1111 | D:2      | Reached XP level 4. HP: 16/39 MP: 4/4
  1121 | D:2      | HP: 9/39 [poisoned by an adder]
  1904 | D:2      | HP: 9/39 [poisoned by an adder]
  1907 | D:2      | HP: 4/39 [poisoned by an adder]
  1908 | D:2      | Slain by an adder

Vault maps used:
D:1:      scummos_arrival_forest, minmay_nonomino_d4
D:2:      uniq_jessica

Skill      XL: |  1  2 |
---------------+-------+-----
Axes           | 6 |  6.9
Fighting       | |  3.6
Dodging        | |  2.4
Stealth        | |  1.5

Action                   |  1- 3 |  4- 6 || total
-------------------------+-------+-------++-------
Melee: Hand axe          |    97 |    56 ||   153
  Use: Potion            |     1 |     1 ||     2
 Stab: Sleeping          |     2 |       ||     2
  Eat: Chunk             |       |     3 ||     3
Armor: Robe              |    26 |     9 ||    35
Dodge: Dodged            |   102 |    29 ||   131

Vault maps used:
D:1:      scummos_arrival_forest, minmay_nonomino_d4
D:2:      uniq_jessica

Table legend:
 A = Turns spent in this place as a percentage of turns spent in the entire game.
 B = Non-inter-level travel turns spent in this place as a percentage of non-inter-level travel turns spent in the entire game.
 C = Inter-level travel turns spent in this place as a percentage of turns spent in this place.
 D = Turns resting spent in this place as a percentage of non-inter-level travel turns spent in this place.
 E = Turns spent auto-exploring this place as a percentage of non-inter-level travel turns spent in this place.
 F = Non-inter-level travel turns spent in this place divided by the number of levels of this place that you've seen.
                   A       B       C       D       E      F
               +-------+-------+-------+-------+-------+----------------------
         Total | 100.0 | 100.0 |   0.2 |   1.3 |   6.7 | 307.0
       Dungeon | 100.0 | 100.0 |   0.2 |   1.3 |   6.7 | 307.0
               +-------+-------+-------+-------+-------+----------------------

Table legend:
 A = Kills in this place as a percentage of kills in entire the game.
 B = Kills by you in this place as a percentage of kills by you in the entire game.
 C = Kills by friends in this place as a percentage of kills by friends in the entire game.
 D = Other kills in this place as a percentage of other kills in the entire game.
 E = Experience gained in this place as a percentage of experience gained in the entire game.
 F = Experience gained in this place divided by the number of levels of this place that you have seen.
                   A       B       C       D       E      F
               +-------+-------+-------+-------+-------+----------------------
         Total | 100.0 | 100.0 |  -nan |  -nan | 100.0 |  67.0
       Dungeon | 100.0 | 100.0 |  -nan |  -nan | 100.0 |  67.0
               +-------+-------+-------+-------+-------+----------------------
